Map: Tours du crépuscule

Players

zidar - Winner!

  • Race: Zerg Zerg
  • League: Silver
  • Spawn Location: 7:00

rubenpoli

  • Race: Terran Terran
  • League: Silver
  • Spawn Location: 1:00

VOD

Have the link to the VOD?

Description

Time

  • Played on: Feb. 9, 2016, 3:41 p.m.
  • Length: 17:53
Show
View Real Time Build Order
Export as new Build Order

zidar Zerg - Winner!

Build Orders: Hatch First 

Get SALT Encoding   

  12  0:01  Drone  
  13  0:15  Overlord  
  13  0:19  Drone  
  14  0:34  Drone x2  
  16  0:37  Drone  
  17  0:55  Hatchery  
  16  0:58  Drone  
  17  1:05  Extractor  
  16  1:18  Spawning Pool, Drone  
  16  1:22  Drone  
  17  1:37  Drone  
  17  1:38  Drone  
  19  1:45  Overlord  
  19  1:52  Drone  
  20  2:05  Queen  
  22  2:13  Queen  
  24  2:16  Metabolic Boost  
  24  2:21  Drone  
  25  2:28  Drone x2  
  27  2:44  Drone x5  
  32  3:13  Zergling x2  
  32  3:14  Zergling x6  
  32  3:18  Overlord  
  36  3:27  Spine Crawler  
  35  3:36  Zergling x2  
  35  3:37  Zergling x14  
  43  4:01  Roach Warren  
  42  4:03  Zergling x4  
  40  4:55  Overlord x2  
  40  4:56  Overlord x2  
  39  5:07  Lair  
  39  5:11  Extractor  
  38  5:18  Roach x9  
  56  5:22  Hatchery  
  55  5:31  Pneumatized Carapace  
  55  5:43  Ravager  
  55  5:44  Ravager  
  57  5:53  Extractor  
  57  5:55  Extractor, Ravager  
  56  6:04  Queen  
  58  6:13  Drone x4  
  58  6:14  Drone x2  
  64  6:30  Drone x2  
  66  6:53  Overlord x4  
  66  6:55  Overlord  
  66  7:09  Evolution Chamber  
  66  7:10  Evolution Chamber, Baneling Nest  
  63  7:16  Drone x3  
  63  7:17  Drone  
  63  7:18  Drone x2  
  63  7:20  Drone x3  
  72  7:54  Drone x12  
  72  7:55  Drone  
  72  7:56  Drone x8  
  93  8:00  Drone x2  
  95  8:06  Zergling x2  
  95  8:07  Zergling x2  
  95  8:09  Centrifical Hooks  
  95  8:12  Overlord x2  
  97  8:13  Overlord  
  97  8:23  Baneling x7  
  97  8:24  Baneling  
  97  8:32  Extractor  
  96  8:37  Extractor  
  95  8:44  Zerg Ground Armor Level 1  
  95  8:45  Zerg Melee Weapons Level 1  
  95  8:53  Infestation Pit  
  94  9:22  Hatchery  
  93  9:26  Spire  
  93  9:28  Drone x6  
  98  9:44  Zergling x2  
  98  9:45  Zergling x18  
  108  9:51  Baneling  
  108  9:54  Baneling  
  108  9:55  Baneling x5  
  108  9:58  Zergling x2  
  108  9:59  Zergling x24  
  84  10:42  Drone  
  84  10:43  Drone x18  
  102  10:58  Zerg Ground Armor Level 2, Zerg Melee Weapons Level 2  
  102  11:01  Mutalisk x8  
  118  11:10  Overlord x3  
  118  11:12  Baneling  
  118  11:13  Baneling x13  
  118  11:27  Queen, Extractor x2  
  118  11:32  Zergling x2  
  119  11:33  Zergling x14  
  126  11:52  Overlord x4  
  126  11:53  Overlord x3  
  126  12:02  Hatchery  
  125  12:33  Infestation Pit  
  125  12:39  Hive  
  125  12:45  Mutalisk  
  125  12:46  Mutalisk x7  
  141  12:51  Zergling x2  
  141  12:52  Zergling x22  
  109  13:41  Baneling x7  
  109  13:42  Baneling x5  
  109  13:43  Baneling x4  
  109  13:46  Zergling x2  
  109  13:47  Zergling x34  
  127  13:55  Zerg Ground Armor Level 3  
  127  13:57  Zerg Melee Weapons Level 3  
  127  13:58  Adrenal Glands  
  127  14:03  Ultralisk Cavern  
  126  14:18  Hatchery  
  46  14:54  Zergling x28  
  46  14:55  Zergling x4  
  59  15:02  Chitinous Plating  
  59  15:06  Queen  
  59  15:09  Queen  
  63  15:24  Ultralisk x2  
  63  15:25  Ultralisk  
  81  15:31  Ultralisk  
  87  15:56  Ultralisk  
  93  16:17  Ultralisk  
  99  16:27  Ultralisk  
  102  16:52  Mutalisk  
  102  16:53  Mutalisk x7  
Show
View Real Time Build Order
Export as new Build Order

rubenpoli Terran 

Build Orders:  

Get SALT Encoding   

  12  0:03  SCV  
  13  0:15  SCV  
  14  0:24  Supply Depot  
  14  0:32  SCV  
  15  0:40  Refinery  
  15  0:46  SCV  
  15  0:48  Supply Depot  
  16  0:57  Barracks  
  16  1:01  SCV  
  17  1:13  SCV  
  18  1:26  SCV  
  19  1:33  Barracks  
  19  1:39  SCV  
  20  1:51  Marine, SCV  
  22  2:04  Factory  
  22  2:07  Orbital Command  
  22  2:09  Marine  
  23  2:23  Barracks  
  23  2:26  Marine, Barracks Reactor  
  24  2:33  SCV  
  25  2:44  Marine  
  26  2:52  Barracks  
  26  2:55  Factory Tech Lab  
  26  3:04  Refinery  
  26  3:05  Marine x2  
  28  3:15  Barracks Reactor  
  28  3:17  Barracks Tech Lab  
  28  3:22  Marine  
  28  3:23  Marine  
  30  3:41  Starport  
  30  3:47  Supply Depot  
  30  3:50  Concussive Shells  
  30  3:56  Barracks Tech Lab  
  30  4:05  Marine  
  30  4:08  Marine x3  
  30  4:09  Marauder  
  36  4:10  Supply Depot  
  36  4:20  Engineering Bay  
  36  4:30  Marauder  
  38  4:34  Engineering Bay  
  37  4:43  Marine x2, Marauder  
  37  4:44  Marine x2  
  33  4:52  Marauder  
  35  5:01  Marine  
  35  5:04  Marauder  
  35  5:06  Starport Reactor  
  38  5:13  Marauder  
  40  5:17  Missile Turret  
  40  5:18  Missile Turret  
  40  5:19  Missile Turret  
  40  5:25  Siege Tank  
  43  5:41  Missile Turret  
  43  5:56  Command Center  
  43  6:02  Missile Turret  
  43  6:04  Missile Turret  
  43  6:14  Medivac  
  43  6:17  Medivac  
  47  6:34  Stimpack  
  47  6:48  Supply Depot  
  47  6:52  Supply Depot  
  47  6:57  Terran Infantry Weapons Level 1  
  47  7:07  Marine x6  
  47  7:08  SCV  
  54  7:10  Combat Shield  
  54  7:20  SCV  
  55  7:25  Marine x6  
  55  7:27  Orbital Command  
  61  7:32  SCV  
  62  7:44  SCV  
  63  7:53  Siege Tank  
  63  7:56  SCV  
  67  8:00  Medivac  
  69  8:08  SCV  
  70  8:20  SCV  
  70  8:22  Medivac  
  70  8:26  Marine, Marauder  
  77  8:32  Widow Mine  
  78  8:38  Supply Depot  
  78  8:59  Marine x5  
  78  9:00  Supply Depot  
  85  9:07  Widow Mine  
  85  9:23  Supply Depot  
  85  9:25  Marauder  
  85  9:26  Marine, Marauder  
  85  9:27  Marine x3  
  93  9:44  Marine x2, Siege Tank  
  93  9:45  Marine x2  
  100  9:46  Supply Depot  
  100  9:47  Marauder  
  102  10:08  Marine x5, Marauder  
  109  10:21  Siege Tank  
  90  10:50  Medivac x2  
  94  11:16  Siege Tank  
  97  11:25  Marine  
  97  11:26  Marine x5  
  103  11:43  Marine x2  
  103  11:44  Marine x4  
  109  12:11  Marine, Supply Depot  
  109  12:15  Supply Depot  
  110  12:16  Supply Depot  
  110  12:19  Supply Depot  
  110  12:20  Supply Depot  
  110  12:32  Marine, Medivac x2  
  110  12:33  Siege Tank  
  110  12:36  Marine x3, Marauder x2, Supply Depot  
  125  12:37  Terran Infantry Armor Level 1  
  125  12:41  Supply Depot x2  
  125  12:50  Marine  
  126  12:54  Marine x3  
  126  12:58  Marauder x2  
  133  13:05  Siege Tank  
  136  13:08  Marine  
  136  13:11  Marine  
  136  13:12  Marine  
  84  13:48  Missile Turret  
  84  13:49  Missile Turret  
  84  13:54  Missile Turret  
  84  13:57  Viking x2, Missile Turret x3  
  88  14:02  Missile Turret  
  88  14:03  Missile Turret  
  88  14:06  Marine x5  
  93  14:13  Refinery  
  93  14:19  Missile Turret  
  93  14:20  Refinery  
  61  14:48  Marine x5, Marauder  
  67  15:06  Marine x5  
  72  15:09  Marauder  
  74  15:24  Marine x2  
  76  15:30  Marauder  
  78  15:36  Barracks Tech Lab  
  78  15:38  Marine x2  
  78  15:41  Marine x2  
  85  15:42  Siege Tank  
  85  15:52  Marauder  
  85  15:56  Marine x2  
  89  15:59  Marine x3  
  92  16:13  Marauder  
  92  16:14  Marine x2  
  92  16:15  Siege Tank  
  92  16:17  Marine x3  
  102  16:32  Marine x2  
  103  16:35  Marine x3, Marauder  
  97  16:47  Siege Tank  
  97  16:49  Marine x2  
  97  16:53  Marine x3  
  102  16:56  Marauder  
  97  17:07  Marine x2  
  80  17:10  Marine  
  80  17:11  Marine  
  69  17:17  Marine  
  69  17:19  Siege Tank  
  57  17:22  Marine  
  57  17:25  Marine x2  
Tags
 
Add a new tag
Caveats
  • Supply blocks, unpowered buildings, or Contaminate may cause inaccurate times.
  • Supply counts are checked every 10 seconds.